 Dungeon Crawl Stone Soup version 0.28-a0-556-gab23d0e057 (webtiles) character file.

Game seed: 17190983974909177256

316 flyleaff the Magician (level 6, -3/36 HPs)
             Began as an Octopode Venom Mage on Sept 29, 2021.
             Slain by a gnoll (7 damage)
             ... on level 3 of the Dungeon.
             The game lasted 00:12:32 (3920 turns).

flyleaff the Magician (Octopode Venom Mage)         Turns: 3920, Time: 00:12:33

Health: -3/36      AC:  2    Str:  7    XL:     6   Next: 44%
Magic:  12/12      EV: 13    Int: 23    God:
Gold:   151        SH:  0    Dex: 13    Spells: 4/13 levels left

rFire   . . .      SeeInvis .   d - +0 dagger
rCold   + . .      Faith    .   (no shield)
rNeg    . . .      Spirit   .   l - +1 hat
rPois   .          Reflect  .   (no amulet)
rElec   .          Harm     .   s - ring of the Hero {rC+ Int+4}
rCorr   .          Rampage  .   (no ring)
Will    .....                   (no ring)
Stlth   +++.......              (no ring)
HPRegen 0.12/turn               (no ring)
MPRegen 0.13/turn               (no ring)
                                (no ring)
                                (no ring)

@: invisible
A: almost no armour, amphibious, 8 rings, camouflage 1, gelatinous body 1,
(nimble swimmer 1), tentacles
a: no special abilities


You were on level 3 of the Dungeon.
You visited 1 branch of the dungeon, and saw 3 of its levels.

You collected 151 gold pieces.

Inventory:

Hand Weapons
 d - a +0 dagger (weapon)
 m - a +0 hunting sling
Missiles
 n - 12 stones
 o - 25 sling bullets
Armour
 l - a +1 hat (worn)
Jewellery
 s - the ring of the Hero (left tentacle) {rC+ Int+4}
   (You found it on level 3 of the Dungeon)

   [ring of protection from cold]

   Int:       It affects your intelligence (+4).
   rC:        It protects you from cold.
Wands
 e - a wand of charming (8)
Potions
 b - a potion of haste {unknown}
 c - a potion of lignification {unknown}
 g - 2 potions of heal wounds {unknown}
 h - 2 potions of curing {unknown}
 j - a potion of berserk rage {unknown}
 q - 2 potions of attraction {unknown}
 r - a potion of might


   Skills:
 - Level 2.0 Dodging
 - Level 2.6 Stealth
 - Level 4.2 Spellcasting
 - Level 3.0 Conjurations
 - Level 2.0 Transmutations
 + Level 0.5 Ice Magic
 - Level 2.0 Air Magic
 - Level 4.0 Poison Magic


You had 4 spell levels left.
You knew the following spells:

 Your Spells              Type           Power      Damage    Failure   Level
a - Sting                 Tmut/Pois      72%        1d6       3%          1
b - Mephitic Cloud        Conj/Pois/Air  18%        N/A       9%          3
c - Freezing Cloud        Conj/Ice/Air   6%         6-21      78%         5

Your spell library contained the following spells:

 Spells                   Type           Power      Damage    Failure   Level
 Poisonous Vapours        Pois/Air       36%        N/A       4%          2
 Olgreb's Toxic Radiance  Pois           23%        N/A       21%         4
 Simulacrum               Ice/Necr       2%         N/A       100%        6
 Polar Vortex             Ice            3%         N/A       100%        9


Dungeon Overview and Level Annotations

Branches:
Dungeon (3/15)

Altars:
Wu Jian


Innate Abilities, Weirdness & Mutations

You cannot wear most types of armour.
You are amphibious.
You can wear up to eight rings at the same time.
Your skin changes colour to match your surroundings (Stealth+).
Your rubbery body absorbs attacks. (AC +1, EV +1)
((You are camouflaged near water. (Stealth+)))
You have tentacles for arms and can constrict up to eight enemies at once.


Message History

The gnoll hits you with a +0 spear.
Things that are here:
a +0 whip; a gnoll corpse
Aiming: Charm
Press: ? - help, Shift-Dir - straight line, f - gnoll
Aim: a gnoll, wielding a +0 spear (chance to affect: 54%)
The gnoll resists with significant effort.
The gnoll shouts!
The gnoll barely misses you.
Aiming: Charm
Press: ? - help, Shift-Dir - straight line, f/p - gnoll
Aim: a gnoll, wielding a +0 spear (chance to affect: 54%)
The gnoll resists with significant effort.
The gnoll closely misses you.
Aiming: Charm
Press: ? - help, Shift-Dir - straight line, f/p - gnoll
Aim: a gnoll, wielding a +0 spear (chance to affect: 54%)
The gnoll resists with significant effort.
The gnoll closely misses you. The gnoll hits you with a +0 spear.
You barely miss the gnoll. Your grab misses the gnoll. You squeeze the gnoll!
The gnoll is heavily wounded.
The gnoll completely misses you. The gnoll closely misses you.
You barely miss the gnoll. You grab the gnoll. You constrict the gnoll.
The gnoll hits you with a +0 club. The gnoll barely misses you.
You hit the gnoll. You grab the gnoll.
The gnoll is severely wounded.
You constrict the gnoll.
You constrict the gnoll, but do no damage.
The gnoll hits you with a +0 club! The gnoll closely misses you.
You hit the gnoll but do no damage.
The gnoll is lightly wounded.
You constrict the gnoll. x2; The gnoll hits you with a +0 club!
* * * LOW HITPOINT WARNING * * *
The gnoll misses you.
You release your grip on the gnoll. x2; The gnoll barely misses you.
You fade into invisibility!
The gnoll hits you with a +0 club.
* * * LOW HITPOINT WARNING * * *
The gnoll hits you from afar with a +0 spear!
You die...

#.# #.##. #.#
#.##. #.# #.###
#.# #.# # #.# #.#
# #.# #.### #g#
########.##. #g#
#........##.
#@#####.#########.
###.##....# ##
#...##.#### #
#...##.# #...##.#
##.###.# #.# #.#
##### #.# #.#
#....
######.###.###
#.#P.


You could see 2 gnolls.

Vanquished Creatures
  Grinder (D:3)
  A gnoll (D:3)
  3 adders
  An ufetubus (D:3)
  A dart slug (D:2)
  2 orcs (D:3)
  6 ball pythons
  10 endoplasms
  3 giant cockroaches
  5 hobgoblins
  4 jackals (D:2)
  2 quokkas
  5 bats
  2 frilled lizards
  8 goblins
  A kobold (D:3)
  5 rats
60 creatures vanquished.

Vanquished Creatures (others)
  5 plants (D:3)
5 creatures vanquished.

Grand Total: 65 creatures vanquished

Notes
Turn   | Place    | Note
-------+----------+-------------------------------------------
     0 | D:1      | flyleaff the Octopode Venom Mage began the quest for the
                  | Orb.
     0 | D:1      | Reached XP level 1. HP: 11/11 MP: 3/3
   552 | D:1      | Reached XP level 2. HP: 16/17 MP: 5/5
  1326 | D:2      | Reached XP level 3. HP: 16/21 MP: 7/7
  1480 | D:2      | Learned a level 3 spell: Mephitic Cloud
  2289 | D:2      | Found a faded altar of an unknown god.
  2720 | D:3      | Reached XP level 4. HP: 27/27 MP: 8/8
  2733 | D:3      | Identified the ring of the Hero {rC+ Int+4}
  2809 | D:3      | Reached skill level 1 in Conjurations
  3495 | D:3      | Noticed Grinder
  3502 | D:3      | Paralysed by Grinder for 2 turns
  3519 | D:3      | Killed Grinder
  3520 | D:3      | Reached XP level 5. HP: 17/31 MP: 2/11
  3520 | D:3      | Reached XP level 6. HP: 20/36 MP: 2/12
  3526 | D:3      | Learned a level 5 spell: Freezing Cloud
  3827 | D:3      | Found an ornate altar of the Wu Jian Council.
  3920 | D:3      | Slain by a gnoll

Illustrated notes

Levels and vault maps discovered:
D:1:      dpeg_arrival_fog, layout_basic
D:2:      layout_rooms, chequers_ecumenical_altar_island, minmay_misc_feat_iff
D:3:      cheibrodos_old_hovel, layout_loops_ring, overflow_temple_1_default,
          minmay_checkerbox, uniq_grinder

Skill      XL: |  1  2  3  4 |
---------------+-------------+-----
Poison Magic   | 4 |  4.0
Spellcasting   | 3 4 |  4.2
Transmutations | 2 |  2.0
Conjurations   | 3 |  3.0
Air Magic      | 2 |  2.0
Dodging        | |  2.0
Stealth        | |  2.6
Ice Magic      | |  0.5

Action                   |  1- 3 |  4- 6 || total
-------------------------+-------+-------++-------
Melee: Unarmed           |    18 |       ||    18
       Constrict         |    16 |    17 ||    33
       Tentacles         |    10 |    12 ||    22
       Dagger            |    38 |    64 ||   102
 Cast: Sting             |    24 |    23 ||    47
       Mephitic Cloud    |       |     3 ||     3
Evoke: Wand              |       |     3 ||     3
  Use: Scroll            |       |     9 ||     9
       Potion            |       |     1 ||     1
 Stab: Sleeping          |    10 |     2 ||    12
       Distracted        |     1 |     1 ||     2
Armor: Skin              |     2 |     6 ||     8
Dodge: Dodged            |    38 |    53 ||    91

Table legend: (Time is in decaauts)
 A = Elapsed time spent in this place.
 B = Non-inter-level travel time spent in this place.
 C = Inter-level travel time spent in this place.
 D = Time resting spent in this place.
 E = Time spent auto-exploring this place.
 F = Levels seen in this place.
 G = Mean time per level.
                   A        B        C        D        E       F      G
               +--------+--------+--------+--------+--------+-----+--------+
         Total |   3922 |   3804 |    118 |      0 |   3149 |   3 | 1307.3 |
       Dungeon |   3922 |   3804 |    118 |      0 |   3149 |   3 | 1307.3 |
               +--------+--------+--------+--------+--------+-----+--------+

Top non-repeatable levels by time:
     D:2: 1553 daAuts
     D:1: 1204 daAuts
     D:3: 1164 daAuts
